 Dungeon Crawl Stone Soup version 0.32-a0-656-g3542139ebd (webtiles) character file.

Game seed: 2296473179512555405

51 seren the Trooper (level 3, -2/29 HPs)
             Began as a Demonspawn Fighter on Mar 8, 2024.
             Succumbed to an orc's poison
             ... on level 3 of the Dungeon.
             The game lasted 00:02:47 (1717 turns).

seren the Trooper (Demonspawn Fighter)              Turns: 1717, Time: 00:02:48

Health: -2/29      AC:  6    Str: 18    XL:     3   Next: 58%
Magic:  3/3        EV:  9    Int:  8    God:
Gold:   114        SH:  4    Dex: 12    Spells: 2/2 levels left

rFire   . . .        a - +0 trident
rCold   . . .        c - +0 buckler
rNeg    . . .        b - +0 scale mail
rPois   .            (no helmet)
rElec   .            (no cloak)
rCorr   .            (no gloves)
SInv    .            (no boots)
Will    .....        (no amulet) Stlth
                     i - ring of flight
HPRegen 0.24/turn    (no ring)
MPRegen 0.08/turn

%: no passive effects
@: lethally poisoned (-2 -> -16), flying
A: ignite blood 1
a: no special abilities


You were on level 3 of the Dungeon.
You visited 1 branch of the dungeon, and saw 3 of its levels.

You collected 114 gold pieces.

Inventory:

Hand Weapons
 a - a +0 trident (weapon)
Missiles
 j - 5 javelins (quivered)
 o - 7 poisoned darts
Armour
 b - a +0 scale mail (worn)
 c - a +0 buckler (worn)
Jewellery
 i - a ring of flight (left hand)
Scrolls
 f - 3 scrolls of immolation {unknown}
 g - 3 scrolls of identify {unknown}
 k - a scroll of acquirement {unknown}
 l - a scroll of teleportation {unknown}
 m - a scroll of silence {unknown}
Potions
 d - a potion of might


   Skills:
 + Level 3.4 Fighting
 * Level 2.6 Polearms
 + Level 3.0 Armour
 + Level 3.0 Shields


You had 2 spell levels left.
You didn't know any spells.
Your spell library contained the following spells:

 Spells                   Type           Power      Damage    Failure   Level
 Inner Flame              Hex/Fire       0%         N/A       99%         3
 Flame Wave               Conj/Fire      0%         2d4       100%        4
 Sticky Flame             Fire/Alch      0%         2d4       100%        4


Dungeon Overview and Level Annotations

Branches:
Dungeon (3/15)

Altars:

Annotations:
D:3 3 runed translucent doors, Alarak's ghost, amateur OpBr; Dreamthief's ghost, weakling DgGl; Stormracerdan's ghost, amateur MiFi; nago's ghost, amateur CoHu


Innate Abilities, Weirdness & Mutations

Your demonic aura sometimes causes spilled blood to erupt in flames.


Message History

The ball python barely misses you.
You puncture the ball python!
You kill the ball python!
Found a scale mail.
g - 3 scrolls labelled ROBANG BOAKK (gained 1)
A frilled lizard comes into view.
The frilled lizard hisses angrily.
You barely miss the frilled lizard. The frilled lizard bites you.
You barely miss the frilled lizard. The frilled lizard barely misses you.
You hit the frilled lizard.
You kill the frilled lizard!
No target in view!
You see here a frilled lizard corpse.
An orc is nearby!
The orc shouts!
The orc shouts! x2
You barely miss the orc.
The orc hits you with a +2 hand axe of venom!
You are poisoned.
You barely miss the orc.
You feel sick. You block the orc's attack.
You hit the orc but do no damage.
You feel sick.
The orc hits you with a +2 hand axe of venom.
* * * LOW HITPOINT WARNING * * *
You are more poisoned.
You barely miss the orc.
* * * LOW HITPOINT WARNING * * *
You feel very sick.
The orc hits you with a +2 hand axe of venom.
* * * LOW HITPOINT WARNING * * *
The orc hits you with a +2 hand axe of venom.
* * * LOW HITPOINT WARNING * * *
You are more poisoned.
You puncture the orc!
The orc is almost dead.
* * * LOW HITPOINT WARNING * * *
You feel very sick. The orc closely misses you.
You puncture the orc!
You kill the orc!
You die...

#.#.##.# #.#.##.# #..#.#.#
##.#.##.# #.......# .. #.......#
######.# #
#####.##.##.####......# #####
......##..............# #....
.###..#####.####@###### ###.###
#..#####.# ##)## #...# # .#
#........# #.oo# #.### .#
#.######## #...# ###..### ## #.#
#...# #......# #.# #...##
####.##.#.## #.### #..... ..#†#
..... #...#
#####....####.#.#..#.#.
######.##...............#<...#.#.


You could see 2 orcs.

Vanquished Creatures
  2 dart slugs
  3 orcs
  5 ball pythons
  3 endoplasms
  2 giant cockroaches (D:1)
  3 goblins
  6 hobgoblins
  7 kobolds
  4 quokkas
  3 bats
  2 frilled lizards
  2 rats
42 creatures vanquished.

Notes
Turn   | Place    | Note
-------+----------+-------------------------------------------
     0 | D:1      | seren the Demonspawn Fighter began the quest for the Orb.
     0 | D:1      | Reached XP level 1. HP: 18/18 MP: 1/1
   201 | D:1      | Gained mutation: Your demonic aura sometimes causes spilled
                  | blood to erupt in flames. [demonic ancestry]
   201 | D:1      | Reached XP level 2. HP: 24/24 MP: 2/2
   558 | D:2      | Reached XP level 3. HP: 28/29 MP: 3/3
  1545 | D:3      | Found a runed translucent gate.
  1545 | D:3      | Found a runed translucent gate.
  1545 | D:3      | Found a runed translucent gate.
  1547 | D:3      | Noticed Dreamthief's ghost (weakling DgGl)
  1547 | D:3      | Noticed nago's ghost (amateur CoHu)
  1548 | D:3      | Noticed Stormracerdan's ghost (amateur MiFi)
  1548 | D:3      | Noticed Alarak's ghost (amateur OpBr)
  1716 | D:3      | HP: 1/29 [poisoned by an orc]
  1717 | D:3      | Succumbed to an orc's poison

Illustrated notes

Levels and vault maps discovered:
D:1:      dpeg_arrival_boxorama, layout_basic
D:2:      layout_basic
D:3:      layout_loops_cross, gammafunk_ghost_cemetery

Skill      XL: |  1  2  3 |
---------------+----------+-----
Polearms       | 2 |  2.6
Armour         | 3 |  3.0
Shields        | 3 |  3.0
Fighting       | |  3.4

Action                     || total
---------------------------++-------
  Melee: Trident           ||   149
    Use: Potion            ||     3
 Armour: Scale mail        ||    86
  Dodge: Dodged            ||    45
  Block: Buckler           ||    24

Table legend: (Time is in decaauts)
 A = Elapsed time spent in this place.
 B = Non-inter-level travel time spent in this place.
 C = Inter-level travel time spent in this place.
 D = Time resting spent in this place.
 E = Time spent auto-exploring this place.
 F = Levels seen in this place.
 G = Mean time per level.
                   A        B        C        D        E       F      G
               +--------+--------+--------+--------+--------+-----+--------+
         Total |   1749 |   1708 |     41 |     93 |   1250 |   3 |  583.0 |
       Dungeon |   1749 |   1708 |     41 |     93 |   1250 |   3 |  583.0 |
               +--------+--------+--------+--------+--------+-----+--------+

Top non-repeatable levels by time:
     D:2: 778 daAuts
     D:1: 558 daAuts
     D:3: 413 daAuts
